 Dungeon Crawl Stone Soup version 0.16.1-2-g95b8d4c (console) character file.

20 Monkaria the Slasher (level 2, 0/26 HPs)
             Began as a Minotaur Skald on Mar 25, 2015.
             Slain by a gnoll
             ... wielding a +2 spear of venom
              (8 damage)
             ... on level 1 of the Dungeon.
             The game lasted 00:00:48 (880 turns).

Monkaria the Slasher (Minotaur Skald)                Turns: 880, Time: 00:00:48

Health: 0/26       AC:  3    Str: 21    XL:     2   Next: 58%
Magic:  2/2        EV: 11    Int:  9    God:
Gold:   128        SH:  0    Dex:  9    Spells: 1 memorised, 2 levels left

rFire  . . .     SeeInvis .     a - +0 falchion
rCold  . . .     Clarity  .     b - +0 leather armour
rNeg   . . .     SustAb   .     (no shield)
rPois  .         Gourm    .     (helmet restricted)
rElec  .         Spirit   .     (no cloak)
rCorr  .         Warding  .     (no gloves)
rMut   .         Stasis   .     (no boots)
MR     .....                    (no amulet)
Stlth  +.........               (no ring)
                                (no ring)

@: mighty, lethally poisoned (0 -> -18), invisible, not resistant to hostile
enchantments, very unstealthy
A: retaliatory headbutt, horns 2
a: no special abilities


You were on level 1 of the Dungeon.
You were not hungry.

You visited 1 branch of the dungeon, and saw 2 of its levels.

You collected 128 gold pieces.

Inventory:

Hand weapons
 a - a +0 falchion (weapon)
Armour
 b - a +0 leather armour (worn)
Jewellery
 k - an uncursed amulet of guardian spirit {unknown}
Scrolls
 e - a scroll of remove curse {unknown}
 h - a scroll of recharging {unknown}
 j - a scroll of teleportation {unknown}
Books
 c - a book of Battle

   Spells                             Type                      Level
   a - Infusion                       Charms                       1
   b - Shroud of Golubria             Charms/Translocation         2
   c - Song of Slaying                Charms                       2
   d - Spectral Weapon                Hexes/Charms                 3
   e - Regeneration                   Charms/Necromancy            3
Comestibles
 d - a bread ration


   Skills:
 + Level 3.0 Fighting
 * Level 3.4 Long Blades
 - Level 1.2 Armour
 - Level 1.1 Dodging
 - Level 1.3 Spellcasting
 - Level 2.0 Charms


You had 2 spell levels left.
You knew the following spells:

 Your Spells              Type           Power        Failure   Level  Hunger
a - Infusion              Chrm           #.....       21%         1    ##.....


Dungeon Overview and Level Annotations

Branches:
Dungeon (2/15)

Altars:


Innate Abilities, Weirdness & Mutations

You reflexively headbutt those who attack you in melee.
You have a pair of horns on your head.


Message History

You are lethally poisoned!
Unknown command.
Press: ? - help, v - describe, . - travel
Here: a gnoll, wielding a spear of venom The floor.
Unknown command.
Drink which item? (? for menu, Esc to quit)
It was a potion of heal wounds.
You feel much better.
You feel sick. The gnoll hits you with a flail.
Drink which item? (? for menu, Esc to quit)
It was a potion of might.
You feel very mighty all of a sudden.
You feel sick. The gnoll barely misses you. You furiously retaliate!
You headbutt the gnoll! The gnoll hits you with a flail!
Drink which item? (? for menu, Esc to quit)
It was a potion of invisibility.
You fade into invisibility!
You feel sick.
The gnoll hits you with a spear of venom!
You die...

.........##.............# #......
##.......######.........# #.#####
####.##.# #.........# #.# #
#####.##.# #.........###.# ###
.........# ###.............###..
#####†#######...........#####...#
##......................# ##..###
##.#.............g......###..## #
...#.(..........@g......##..## ##
.###..............#######..## ##.
.# #.(............# #..## ##.. .#
#...........#..# ##.## ##...
.###.........#.#..# #..# ##....
..................# ###.####..)..
...............#.####............
...........#..........#.####.....
.##########........####..# ##....


You could see 2 gnolls.

Vanquished Creatures
  An ooze (D:1)
  A bat (D:1)
  A giant cockroach (D:1)
  A goblin (D:1)
  A hobgoblin (D:1)
  7 jackals (D:1)
  4 rats (D:1)
  A fungus (D:1)
17 creatures vanquished.

Notes
Turn   | Place    | Note
--------------------------------------------------------------
     0 | D:1      | Monkaria, the Minotaur Skald, began the quest for the Orb.
     0 | D:1      | Reached XP level 1. HP: 18/18 MP: 2/2
   139 | D:1      | Reached skill level 3 in Long Blades
   173 | D:1      | Reached XP level 2. HP: 20/25 MP: 2/2
   880 | D:1      | Slain by a gnoll

Action                   || total
-------------------------++-------
Melee: Falchion          ||    51
  Use: Potion            ||     3
